Red Wings vs Whalers

Created - 27 mai 2022 at 07:59

Goals
1 2 3 OT1 T
Red Wings 0 2 2 1 5
Whalers 2 1 1 0 4
Shots
1 2 3 OT1 T
Red Wings 7 16 17 7 47
Whalers 11 13 8 1 33

1st period

1. Whalers , Christian Dvorak 5 (Scott Mayfield 5, Riley Nash 3) at 15:47
2. Whalers , Riley Nash 3 (Mike Hardman 3, Tobias Rieder 3) at 19:55

Penalties :
Justin Faulk (HAR) for Hooking (Minor) at 10:08

2nd period

3. Red Wings , Zemgus Girgensons 6 (Nico Sturm 3) at 7:02
4. Whalers , Sean Couturier 6 (Drake Batherson 3, Roman Josi 7) at 13:48
5. Red Wings , Oliver Bjorkstrand 8 (Zach Aston-Reese 7) at 18:54

Penalties :
Haydn Fleury (DET) for Hooking (Minor) at 4:44

3rd period

6. Whalers , David Perron 5 (Roman Josi 8) at 0:12
7. Red Wings , Jeff Petry 3 (Oliver Bjorkstrand 8, Lars Eller 8) at 1:41
8. Red Wings , Connor Brown 7 (Mark Scheifele 12, David Pastrnak 12) at 19:46

Penalties :
Shane Pinto (HAR) for Holding Stick (Minor) at 13:27

Overtime #1

9. Red Wings , Lars Eller 5 (Oliver Bjorkstrand 9) at 9:47

Penalties :
No Penalty

Goalie Stats

Marc-Andre Fleury (DET), 29 saves from 33 shots - (0,879), W, 9-6-1, 69:02 minutes
Jacob Markstrom (HAR), 42 saves from 47 shots - (0,894), OTL, 9-4-2, 69:47 minutes

Players Stats for Red Wings

Player Name              G  A  P  +/- PIM S  H  SB GA TA FO     MP     PP MP  PK MP  
------------------------------------------------------------------------------------
Anton Stralman           0  0  0   0  0   0  0  0  0  2  0/0    23:38   1:30   0:56 
Connor Brown             1  0  1   3  0   9  3  0  0  1  1/3    20:35   1:23   0:00 
David Pastrnak           0  1  1  -2  0   9  3  1  0  1  0/1    25:01   2:35   0:07 
Duncan Keith             0  0  0   2  0   5  1  3  1  0  0/0    27:02   2:28   1:03 
Dylan DeMelo             0  0  0   0  0   1  2  0  0  0  0/0    23:38   1:30   0:56 
Haydn Fleury             0  0  0   0  2   1  0  1  0  1  0/0    19:25   0:00   0:00 
Jeff Petry               1  0  1   2  0   2  1  1  1  0  0/0    27:02   2:28   1:03 
John Tavares             0  0  0  -3  0   0  3  0  1  1  22/34  23:52   2:35   0:00 
Jujhar Khaira            0  0  0   0  0   1  2  0  0  1  0/1     9:36   0:00   0:49 
Lars Eller               1  1  2   2  0   4  0  1  2  0  12/16  19:33   1:23   0:00 
Mark Scheifele           0  1  1  -2  0   5  1  1  2  0  2/4    24:54   2:35   0:00 
Nico Sturm               0  1  1   1  0   0  0  1  1  2  0/1     9:20   0:00   0:14 
Noel Acciari             0  0  0   0  0   0  0  3  0  0  7/13   15:11   0:00   0:56 
Oliver Bjorkstrand       1  2  3   2  0   7  0  0  0  0  0/0    19:33   1:23   0:00 
Pat Maroon               0  0  0   0  0   0  0  0  0  0  0/0     8:47   0:00   0:00 
Troy Stecher             0  0  0  -1  0   0  1  2  0  1  0/0    19:07   0:00   0:00 
Zach Aston-Reese         0  1  1   0  0   2  1  1  2  1  0/1    15:11   0:00   0:56 
Zemgus Girgensons        1  0  1   1  0   1  1  0  0  1  1/1    15:30   0:00   0:56 

Players Stats for Whalers

Player Name              G  A  P  +/- PIM S  H  SB GA TA FO     MP     PP MP  PK MP  
------------------------------------------------------------------------------------
Bryan Rust               0  0  0   0  0   4  1  0  1  1  1/2    20:51   1:01   0:00 
Christian Dvorak         1  0  1  -2  0   5  1  1  0  0  5/11   18:39   0:02   2:24 
David Perron             1  0  1   0  0   2  0  0  1  2  0/1    21:02   1:01   0:11 
David Savard             0  0  0  -2  0   1  1  1  0  1  0/0    20:47   0:00   2:05 
Drake Batherson          0  1  1   0  0   3  0  0  2  0  0/4    19:43   0:56   0:00 
Joe Pavelski             0  0  0   0  0   2  2  0  0  4  11/28  20:51   1:01   0:00 
Justin Faulk             0  0  0   1  2   0  0  3  0  0  0/0    26:04   1:15   0:45 
Mike Hardman             0  1  1   1  0   2  3  1  0  0  0/0     9:02   0:02   0:00 
Nikita Zadorov           0  0  0   0  0   1  1  3  0  1  0/0    22:56   0:00   1:53 
Reilly Smith             0  0  0  -1  0   2  1  0  0  0  0/3    15:00   0:02   0:00 
Riley Nash               1  1  2   0  0   1  1  0  2  0  1/3    11:41   0:00   1:26 
Roman Josi               0  2  2   1  0   1  2  1  2  0  0/0    25:19   1:15   0:00 
Scott Mayfield           0  1  1   0  0   1  2  1  0  0  0/0    23:41   0:44   1:53 
Sean Couturier           1  0  1  -1  0   3  1  0  1  0  9/20   20:37   0:56   0:00 
Sean Walker              0  0  0  -2  0   0  0  1  0  0  0/0    20:47   0:44   1:20 
Shane Pinto              0  0  0  -1  2   2  1  0  1  0  3/3    16:04   0:00   0:46 
Timo Meier               0  0  0   0  0   2  0  1  1  1  0/0    20:34   0:56   0:51 
Tobias Rieder            0  1  1   1  0   1  0  0  1  0  0/0    11:17   0:00   2:18 

3 Stars

1 - Oliver Bjorkstrand (DET)
2 - Connor Brown (DET)
3 - Lars Eller (DET)

Power Play

Red Wings - 0 on 2 Attempt(s) - 0,00%
Whalers - 0 on 1 Attempt(s) - 0,00%

Penalty Kill

Red Wings - 1 on 1 Attempt(s) - 100,00% - Score 0 goal in Penalty Kill
Whalers - 2 on 2 Attempt(s) - 100,00% - Score 0 goal in Penalty Kill

Team Stat

Red Wings - Hits : 19 - Faceoff Wins : 45 - Blocked Shots : 15 - Penalty Minutes : 2
Whalers - Hits : 17 - Faceoff Wins : 30 - Blocked Shots : 13 - Penalty Minutes : 4

Official

Referees : Chris Schlenker and Justin Kea
Linesman : Travis Gawryletz and Robb Harrell

Game Notes

No Game Note

Finance

Level 1 -- Attendance: 5276 (87,93%) -- Ticket Income 791 400 $
Level 2 -- Attendance: 3751 (75,02%) -- Ticket Income 468 875 $
Level 3 -- Attendance: 1203 (60,15%) -- Ticket Income 144 360 $
Level 4 -- Attendance: 2299 (57,48%) -- Ticket Income 183 920 $
Luxury Box -- Attendance: 649 (64,90%) -- Ticket Income 324 500 $
Game was played at the The Pound.
Total Attendance: 13178 (73,21%)
Total Ticket Income: 1 913 055 $
Other Income: 937 397 $
Total Income: 2 850 452 $

Red Wings

5 vs 5 Forward 
   Center                   Left Wing                Right Wing               Time % Phy DF OF 
 1 John Tavares             David Pastrnak           Mark Scheifele           38     0   0  5  
 2 Lars Eller               Connor Brown             Oliver Bjorkstrand       34     0   0  5  
 3 Noel Acciari             Zemgus Girgensons        Zach Aston-Reese         20     1   2  2  
 4 Jujhar Khaira            Nico Sturm               Pat Maroon               8      1   2  2  

5 vs 5 Defense 
   Defense                  Defense                                           Time % Phy DF OF 
 1 Duncan Keith             Jeff Petry                                        36     0   3  2  
 2 Anton Stralman           Dylan DeMelo                                      34     0   3  2  
 3 Haydn Fleury             Troy Stecher                                      30     0   4  1  
 4 Duncan Keith             Dylan DeMelo                                      0      1   2  2  

PowerPlay Forward 
   Center                   Left Wing                Right Wing               Time % Phy DF OF 
 1 John Tavares             David Pastrnak           Mark Scheifele           70     0   1  4  
 2 Lars Eller               Connor Brown             Oliver Bjorkstrand       30     0   2  3  

PowerPlay Defense
   Defense                  Defense                                           Time % Phy DF OF 
 1 Duncan Keith             Jeff Petry                                        70     0   3  2  
 2 Anton Stralman           Dylan DeMelo                                      30     0   3  2  

Penalty Kill 4 Players Forward 
   Center                   Wing                     Time % Phy DF OF 
 1 Noel Acciari             Zach Aston-Reese         50     0   4  1  
 2 Jujhar Khaira            Zemgus Girgensons        50     0   4  1  

Penalty Kill 4 Players Defense
   Defense                  Defense                  Time % Phy DF OF 
 1 Duncan Keith             Jeff Petry               50     0   4  1  
 2 Anton Stralman           Dylan DeMelo             50     0   4  1  

Penalty Kill - 3 Players Forward 
   Forward                                           Time % Phy DF OF 
 1 Noel Acciari                                      50     0   5  0  
 2 Jujhar Khaira                                     50     0   5  0  

Penalty Kill - 3 Players Defense
   Defense                  Defense                  Time % Phy DF OF 
 1 Duncan Keith             Jeff Petry               50     0   5  0  
 2 Anton Stralman           Dylan DeMelo             50     0   5  0  

4 vs 4 Forward 
   Center                   Wing                     Time % Phy DF OF 
 1 Mark Scheifele           David Pastrnak           50     0   2  3  
 2 John Tavares             Connor Brown             50     0   2  3  

4 vs 4 Defense
   Defense                  Defense                  Time % Phy DF OF 
 1 Duncan Keith             Jeff Petry               50     0   3  2  
 2 Anton Stralman           Dylan DeMelo             50     0   3  2  

Last Minutes Offensive
   Center                   Left Wing                Right Wing               Defense                  Defense                  
   Mark Scheifele           David Pastrnak           Connor Brown             Duncan Keith             Jeff Petry               

Last Minutes Defensive
   Center                   Left Wing                Right Wing               Defense                  Defense                  
   Noel Acciari             Zach Aston-Reese         Zemgus Girgensons        Duncan Keith             Jeff Petry               

Goaltenders
Starting : Marc-Andre Fleury        
Backup : Mikko Koskinen           

Extra Forwards
Normal : Noel Acciari, Jujhar Khaira, Zach Aston-Reese - PP : Noel Acciari, Jujhar Khaira - PK : Nico Sturm
Extra Defensemen
Normal : Haydn Fleury, Troy Stecher, Anton Stralman - PP : Troy Stecher - PK : Troy Stecher, Haydn Fleury
Penalty Shots
Mark Scheifele, John Tavares, David Pastrnak, Connor Brown, Lars Eller
Custom OT Lines Forwards
Mark Scheifele, John Tavares, David Pastrnak, Connor Brown, Lars Eller, Oliver Bjorkstrand, Zach Aston-Reese, Jujhar Khaira, Noel Acciari, Zemgus Girgensons
Custom OT Lines Defensemen
Duncan Keith, Jeff Petry, Anton Stralman, Dylan DeMelo, Haydn Fleury

Scratches
Andreas Johnsson (Healthy), Scott Harrington (Healthy)

Whalers

5 vs 5 Forward 
   Center                   Left Wing                Right Wing               Time % Phy DF OF 
 1 Joe Pavelski             Bryan Rust               David Perron             34     0   2  3  
 2 Sean Couturier           Timo Meier               Drake Batherson          33     0   2  3  
 3 Christian Dvorak         Shane Pinto              Reilly Smith             25     0   3  2  
 4 Riley Nash               Tobias Rieder            Mike Hardman             8      0   3  2  

5 vs 5 Defense 
   Defense                  Defense                                           Time % Phy DF OF 
 1 Justin Faulk             Roman Josi                                        38     0   2  3  
 2 Nikita Zadorov           Scott Mayfield                                    33     0   3  2  
 3 David Savard             Sean Walker                                       29     0   3  2  
 4 Justin Faulk             Nikita Zadorov                                    0      0   3  2  

PowerPlay Forward 
   Center                   Left Wing                Right Wing               Time % Phy DF OF 
 1 Joe Pavelski             Bryan Rust               David Perron             50     0   0  5  
 2 Sean Couturier           Timo Meier               Drake Batherson          50     0   0  5  

PowerPlay Defense
   Defense                  Defense                                           Time % Phy DF OF 
 1 Justin Faulk             Roman Josi                                        50     0   0  5  
 2 Sean Walker              Scott Mayfield                                    50     0   0  5  

Penalty Kill 4 Players Forward 
   Center                   Wing                     Time % Phy DF OF 
 1 Christian Dvorak         Tobias Rieder            55     0   5  0  
 2 Riley Nash               Shane Pinto              45     0   5  0  

Penalty Kill 4 Players Defense
   Defense                  Defense                  Time % Phy DF OF 
 1 Justin Faulk             David Savard             50     0   5  0  
 2 Nikita Zadorov           Scott Mayfield           50     0   5  0  

Penalty Kill - 3 Players Forward 
   Forward                                           Time % Phy DF OF 
 1 Christian Dvorak                                  50     0   5  0  
 2 Riley Nash                                        50     0   5  0  

Penalty Kill - 3 Players Defense
   Defense                  Defense                  Time % Phy DF OF 
 1 Justin Faulk             David Savard             50     0   5  0  
 2 Nikita Zadorov           Scott Mayfield           50     0   5  0  

4 vs 4 Forward 
   Center                   Wing                     Time % Phy DF OF 
 1 Joe Pavelski             Bryan Rust               60     0   2  3  
 2 Sean Couturier           David Perron             40     0   2  3  

4 vs 4 Defense
   Defense                  Defense                  Time % Phy DF OF 
 1 Justin Faulk             Roman Josi               50     0   2  3  
 2 Nikita Zadorov           David Savard             50     0   2  3  

Last Minutes Offensive
   Center                   Left Wing                Right Wing               Defense                  Defense                  
   Joe Pavelski             David Perron             Bryan Rust               Justin Faulk             Roman Josi               

Last Minutes Defensive
   Center                   Left Wing                Right Wing               Defense                  Defense                  
   Sean Couturier           Christian Dvorak         Riley Nash               Sean Walker              David Savard             

Goaltenders
Starting : Jacob Markstrom          
Backup : Laurent Brossoit         

Extra Forwards
Normal : Joe Pavelski, David Perron, Sean Couturier - PP : Drake Batherson, Christian Dvorak - PK : Timo Meier
Extra Defensemen
Normal : Justin Faulk, Scott Mayfield, David Savard - PP : Nikita Zadorov - PK : David Savard, Sean Walker
Penalty Shots
Riley Nash, Bryan Rust, David Savard, Joe Pavelski, Sean Couturier
Custom OT Lines Forwards
Joe Pavelski, Sean Couturier, David Perron, Bryan Rust, Christian Dvorak, Drake Batherson, Timo Meier, Mike Hardman, Reilly Smith, Riley Nash
Custom OT Lines Defensemen
Justin Faulk, Nikita Zadorov, Roman Josi, David Savard, Sean Walker

Scratches
Vladimir Tarasenko (Bruised Right Foot Injury), Zachary Jones (Healthy), Jacob Middleton (Healthy)

% Time on Ice - Red Wings

Lines # - Real PCT - Wanted PCT - Time Play
Normal Forward
1 - 34% - 38% - 21:17
2 - 29% - 34% - 18:29
3 - 23% - 20% - 14:15
4 - 14% - 8% - 8:47
Normal Defense
1 - 36% - 36% - 22:29
2 - 34% - 34% - 21:12
3 - 30% - 30% - 19:07
4 - 0% - 0% - 0:00
PP Forward
1 - 65% - 70% - 2:35
2 - 35% - 30% - 1:23
PP Defense
1 - 62% - 70% - 2:28
2 - 38% - 30% - 1:30
PK Forward
1 - 47% - 50% - 0:56
2 - 53% - 50% - 1:03
PK Defense
1 - 53% - 50% - 1:03
2 - 47% - 50% - 0:56
PK3 Forward
1 - 0% - 50%
2 - 0% - 50%
PK3 Defense
1 - 0% - 50%
2 - 0% - 50%
44 Forward
1 - 0% - 50%
2 - 0% - 50%
44 Defense
1 - 0% - 50%
2 - 0% - 50%
Last Minute Offensive  - 1:02
Last Minute Defensive  - 0:00
Total
Forward - 69:47
Defense - 69:47

% Time on Ice - Whalers

Lines # - Real PCT - Wanted PCT - Time Play
Normal Forward
1 - 32% - 34% - 19:51
2 - 30% - 33% - 19:09
3 - 24% - 25% - 14:57
4 - 14% - 8% - 8:59
Normal Defense
1 - 38% - 38% - 24:04
2 - 33% - 33% - 20:51
3 - 29% - 29% - 18:01
4 - 0% - 0% - 0:00
PP Forward
1 - 53% - 50% - 1:03
2 - 47% - 50% - 0:56
PP Defense
1 - 63% - 50% - 1:15
2 - 37% - 50% - 0:44
PK Forward
1 - 64% - 55% - 2:32
2 - 36% - 45% - 1:26
PK Defense
1 - 53% - 50% - 2:05
2 - 47% - 50% - 1:53
PK3 Forward
1 - 0% - 50%
2 - 0% - 50%
PK3 Defense
1 - 0% - 50%
2 - 0% - 50%
44 Forward
1 - 0% - 60%
2 - 0% - 40%
44 Defense
1 - 0% - 50%
2 - 0% - 50%
Last Minute Offensive  - 0:00
Last Minute Defensive  - 0:54
Total
Forward - 69:47
Defense - 69:47

Play-by-Play

1st period


0:01 of 1st period - Joe Pavelski wins face-off versus Mark Scheifele in neutral zone.
0:10 of 1st period - Snap shot by David Perron.
0:10 of 1st period - Stopped by Marc-Andre Fleury with a rebound.
0:12 of 1st period - Slapshot by Justin Faulk.
0:12 of 1st period - Deflect By Joe Pavelski.
0:12 of 1st period - Stopped by Marc-Andre Fleury with a rebound.
0:32 of 1st period - Off-side.
0:33 of 1st period - Lars Eller wins face-off versus Reilly Smith in neutral zone.
0:36 of 1st period - Snap shot by Connor Brown.
0:36 of 1st period - Shot Misses the Net.
1:04 of 1st period - Slapshot by Drake Batherson.
1:04 of 1st period - Shot Misses the Net.
1:06 of 1st period - Slapshot by Nikita Zadorov.
1:06 of 1st period - Shot Blocked by Noel Acciari.
1:48 of 1st period - Snap shot by Joe Pavelski.
1:48 of 1st period - Stopped by Marc-Andre Fleury without a rebound.
1:49 of 1st period - Lars Eller wins face-off versus Drake Batherson in Red Wings zone.
2:30 of 1st period - Slapshot by Drake Batherson.
2:30 of 1st period - Stopped by Marc-Andre Fleury without a rebound.
2:31 of 1st period - John Tavares wins face-off versus Joe Pavelski in Red Wings zone.
2:48 of 1st period - Slapshot by David Pastrnak.
2:48 of 1st period - Shot Blocked by Nikita Zadorov.
3:08 of 1st period - Snap shot by Zach Aston-Reese.
3:08 of 1st period - Shot Misses the Net.
3:10 of 1st period - Wrist shot by Noel Acciari.
3:10 of 1st period - Shot Misses the Net.
4:15 of 1st period - Icing by David Savard.
4:16 of 1st period - Noel Acciari wins face-off versus Joe Pavelski in Whalers zone.
5:25 of 1st period - Snap shot by Tobias Rieder.
5:25 of 1st period - Stopped by Marc-Andre Fleury with a rebound.
6:26 of 1st period - Wrist shot by Connor Brown.
6:26 of 1st period - Shot Blocked by Justin Faulk.
7:05 of 1st period - Snap shot by Sean Couturier.
7:05 of 1st period - Shot Misses the Net.
7:39 of 1st period - Icing by John Tavares.
7:40 of 1st period - Riley Nash wins face-off versus John Tavares in Red Wings zone.
8:07 of 1st period - Slapshot by Oliver Bjorkstrand.
8:07 of 1st period - Stopped by Jacob Markstrom with a rebound.
8:09 of 1st period - Slapshot by Anton Stralman.
8:09 of 1st period - Shot Misses the Net.
8:11 of 1st period - Slapshot by Dylan DeMelo.
8:11 of 1st period - Shot Misses the Net.
8:13 of 1st period - Slapshot by Dylan DeMelo.
8:13 of 1st period - Shot Blocked by Nikita Zadorov.
8:15 of 1st period - Wrist shot by Connor Brown.
8:15 of 1st period - Stopped by Jacob Markstrom with a rebound.
8:27 of 1st period - Noel Acciari is hit by Riley Nash and loses puck.
8:53 of 1st period - Slapshot by Jeff Petry.
8:53 of 1st period - Stopped by Jacob Markstrom without a rebound.
8:54 of 1st period - Christian Dvorak wins face-off versus Lars Eller in Whalers zone.
9:09 of 1st period - Snap shot by Reilly Smith.
9:09 of 1st period - Stopped by Marc-Andre Fleury without a rebound.
9:10 of 1st period - Sean Couturier wins face-off versus John Tavares in Red Wings zone.
9:11 of 1st period - Snap shot by Drake Batherson.
9:11 of 1st period - Shot Misses the Net.
9:13 of 1st period - Slapshot by Sean Walker.
9:13 of 1st period - Deflect By Sean Couturier.
9:13 of 1st period - Stopped by Marc-Andre Fleury without a rebound.
9:14 of 1st period - John Tavares wins face-off versus Sean Couturier in Red Wings zone.
9:14 of 1st period - John Tavares is hit by David Savard.
9:46 of 1st period - Slapshot by Bryan Rust.
9:46 of 1st period - Stopped by Marc-Andre Fleury without a rebound.
9:47 of 1st period - Lars Eller wins face-off versus Joe Pavelski in Red Wings zone.
9:47 of 1st period - Lars Eller is hit by Joe Pavelski.
10:01 of 1st period - Snap shot by Connor Brown.
10:01 of 1st period - Shot Misses the Net.
10:03 of 1st period - Wrist shot by Lars Eller.
10:03 of 1st period - Stopped by Jacob Markstrom without a rebound.
10:04 of 1st period - John Tavares wins face-off versus Drake Batherson in Whalers zone.
10:08 of 1st period - Minor Penalty to Justin Faulk for Hooking.
10:09 of 1st period - John Tavares wins face-off versus Christian Dvorak in Whalers zone.
10:45 of 1st period - Snap shot by Oliver Bjorkstrand.
10:45 of 1st period - Shot Misses the Net.
12:08 of 1st period - Penalty to Justin Faulk is over, Justin Faulk is back on ice.
12:48 of 1st period - Slapshot by Sean Couturier.
12:48 of 1st period - Shot Misses the Net.
14:13 of 1st period - Lars Eller is hit by Christian Dvorak.
14:17 of 1st period - Oliver Bjorkstrand is hit by Scott Mayfield and loses puck.
15:43 of 1st period - Wrist shot by Riley Nash.
15:43 of 1st period - Shot Misses the Net.
15:45 of 1st period - Slapshot by Scott Mayfield.
15:45 of 1st period - Shot Misses the Net.
15:47 of 1st period - Wrist shot by Christian Dvorak.
15:47 of 1st period - Goal by Christian Dvorak - Red Wings : 0 - Whalers : 1.
15:48 of 1st period - Sean Couturier wins face-off versus John Tavares in neutral zone.
15:53 of 1st period - Wrist shot by Drake Batherson.
15:53 of 1st period - Stopped by Marc-Andre Fleury without a rebound.
15:54 of 1st period - Sean Couturier wins face-off versus John Tavares in Red Wings zone.
16:01 of 1st period - Wrist shot by Mark Scheifele.
16:01 of 1st period - Shot Blocked by David Savard.
16:41 of 1st period - Joe Pavelski is hit by Jeff Petry and loses puck.
17:10 of 1st period - Snap shot by Bryan Rust.
17:10 of 1st period - Shot Blocked by Jeff Petry.
17:16 of 1st period - Duncan Keith is hit by Joe Pavelski and loses puck.
17:53 of 1st period - Roman Josi is hit by Dylan DeMelo and loses puck.
19:06 of 1st period - Tobias Rieder is hit by Troy Stecher and loses puck.
19:11 of 1st period - Snap shot by Zemgus Girgensons.
19:11 of 1st period - Shot Misses the Net.
19:13 of 1st period - Slapshot by Zach Aston-Reese.
19:13 of 1st period - Stopped by Jacob Markstrom with a rebound.
19:15 of 1st period - Slapshot by Zemgus Girgensons.
19:15 of 1st period - Shot Hit the Post.
19:17 of 1st period - Slapshot by Duncan Keith.
19:17 of 1st period - Stopped by Jacob Markstrom without a rebound.
19:18 of 1st period - Sean Couturier wins face-off versus John Tavares in Whalers zone.
19:33 of 1st period - Snap shot by David Pastrnak.
19:33 of 1st period - Stopped by Jacob Markstrom with a rebound.
19:55 of 1st period - Wrist shot by Riley Nash.
19:55 of 1st period - Goal by Riley Nash - Red Wings : 0 - Whalers : 2.
19:56 of 1st period - John Tavares wins face-off versus Joe Pavelski in neutral zone.
Goals for this period are 0 for Red Wings vs 2 for Whalers.
Shots for this period are 7 for Red Wings vs 11 for Whalers.

2nd period


0:01 of 2nd period - Joe Pavelski wins face-off versus John Tavares in neutral zone.
0:10 of 2nd period - Wrist shot by Bryan Rust.
0:10 of 2nd period - Stopped by Marc-Andre Fleury without a rebound.
0:11 of 2nd period - Connor Brown wins face-off versus Sean Couturier in Red Wings zone.
0:17 of 2nd period - Icing by Jeff Petry.
0:18 of 2nd period - Lars Eller wins face-off versus Sean Couturier in Red Wings zone.
1:03 of 2nd period - Wrist shot by Sean Couturier.
1:03 of 2nd period - Stopped by Marc-Andre Fleury with a rebound.
1:11 of 2nd period - Wrist shot by Timo Meier.
1:11 of 2nd period - Shot Misses the Net.
2:11 of 2nd period - Snap shot by Connor Brown.
2:11 of 2nd period - Stopped by Jacob Markstrom with a rebound.
2:13 of 2nd period - Snap shot by Lars Eller.
2:13 of 2nd period - Shot Misses the Net.
2:15 of 2nd period - Backhand shot by Duncan Keith.
2:15 of 2nd period - Stopped by Jacob Markstrom with a rebound.
2:17 of 2nd period - Snap shot by Connor Brown.
2:17 of 2nd period - Stopped by Jacob Markstrom with a rebound.
2:21 of 2nd period - Snap shot by Oliver Bjorkstrand.
2:21 of 2nd period - Stopped by Jacob Markstrom with a rebound.
2:23 of 2nd period - Slapshot by Duncan Keith.
2:23 of 2nd period - Shot Misses the Net.
2:25 of 2nd period - Slapshot by Duncan Keith.
2:25 of 2nd period - Shot Blocked by Justin Faulk.
2:27 of 2nd period - Snap shot by Connor Brown.
2:27 of 2nd period - Deflect By Lars Eller.
2:27 of 2nd period - Shot Misses the Net.
2:27 of 2nd period - Puck is out of play.
2:28 of 2nd period - John Tavares wins face-off versus Joe Pavelski in Whalers zone.
2:33 of 2nd period - Slapshot by David Pastrnak.
2:33 of 2nd period - Stopped by Jacob Markstrom without a rebound.
2:34 of 2nd period - Joe Pavelski wins face-off versus John Tavares in Whalers zone.
3:55 of 2nd period - Icing by Dylan DeMelo.
3:56 of 2nd period - Shane Pinto wins face-off versus John Tavares in Red Wings zone.
4:08 of 2nd period - Off-side.
4:09 of 2nd period - Joe Pavelski wins face-off versus John Tavares in neutral zone.
4:22 of 2nd period - Snap shot by Mark Scheifele.
4:22 of 2nd period - Deflect By Joe Pavelski.
4:22 of 2nd period - Stopped by Jacob Markstrom without a rebound.
4:23 of 2nd period - Shane Pinto wins face-off versus David Pastrnak in Whalers zone.
4:23 of 2nd period - Shane Pinto is hit by David Pastrnak.
4:44 of 2nd period - Minor Penalty to Haydn Fleury for Hooking.
4:45 of 2nd period - Joe Pavelski wins face-off versus Zach Aston-Reese in Red Wings zone.
6:44 of 2nd period - Penalty to Haydn Fleury is over, Haydn Fleury is back on ice.
7:02 of 2nd period - Slapshot by Zemgus Girgensons.
7:02 of 2nd period - Goal by Zemgus Girgensons - Red Wings : 1 - Whalers : 2.
7:03 of 2nd period - John Tavares wins face-off versus Joe Pavelski in neutral zone.
7:19 of 2nd period - Bryan Rust is hit by David Pastrnak and loses puck.
7:48 of 2nd period - Icing by Christian Dvorak.
7:49 of 2nd period - Christian Dvorak wins face-off versus Jujhar Khaira in Whalers zone.
8:13 of 2nd period - Off-side.
8:14 of 2nd period - Joe Pavelski wins face-off versus Lars Eller in neutral zone.
9:06 of 2nd period - Shane Pinto is hit by Jujhar Khaira and loses puck.
9:11 of 2nd period - Wrist shot by Jujhar Khaira.
9:11 of 2nd period - Shot Misses the Net.
9:15 of 2nd period - Snap shot by Pat Maroon.
9:15 of 2nd period - Shot Misses the Net.
9:25 of 2nd period - Slapshot by Christian Dvorak.
9:25 of 2nd period - Stopped by Marc-Andre Fleury with a rebound.
9:27 of 2nd period - Wrist shot by Scott Mayfield.
9:27 of 2nd period - Shot Blocked by Noel Acciari.
9:29 of 2nd period - Snap shot by Drake Batherson.
9:29 of 2nd period - Shot Blocked by Duncan Keith.
9:33 of 2nd period - Snap shot by Drake Batherson.
9:33 of 2nd period - Stopped by Marc-Andre Fleury with a rebound.
9:35 of 2nd period - Snap shot by Timo Meier.
9:35 of 2nd period - Stopped by Marc-Andre Fleury with a rebound.
9:57 of 2nd period - Wrist shot by Oliver Bjorkstrand.
9:57 of 2nd period - Shot Blocked by Justin Faulk.
9:59 of 2nd period - Slapshot by Oliver Bjorkstrand.
9:59 of 2nd period - Deflect By Connor Brown.
9:59 of 2nd period - Stopped by Jacob Markstrom without a rebound.
10:00 of 2nd period - John Tavares wins face-off versus Sean Couturier in Whalers zone.
10:09 of 2nd period - Snap shot by David Pastrnak.
10:09 of 2nd period - Stopped by Jacob Markstrom with a rebound.
10:11 of 2nd period - Snap shot by Mark Scheifele.
10:11 of 2nd period - Stopped by Jacob Markstrom with a rebound.
10:13 of 2nd period - Wrist shot by David Pastrnak.
10:13 of 2nd period - Stopped by Jacob Markstrom with a rebound.
10:15 of 2nd period - Slapshot by Dylan DeMelo.
10:15 of 2nd period - Stopped by Jacob Markstrom with a rebound.
10:17 of 2nd period - Slapshot by Anton Stralman.
10:17 of 2nd period - Shot Misses the Net.
10:31 of 2nd period - Slapshot by Roman Josi.
10:31 of 2nd period - Stopped by Marc-Andre Fleury without a rebound.
10:32 of 2nd period - Bryan Rust wins face-off versus Lars Eller in Red Wings zone.
10:53 of 2nd period - Wrist shot by Joe Pavelski.
10:53 of 2nd period - Deflect By Bryan Rust.
10:53 of 2nd period - Shot Blocked by Lars Eller.
10:53 of 2nd period - Puck is out of play.
10:54 of 2nd period - John Tavares wins face-off versus Sean Couturier in Red Wings zone.
11:05 of 2nd period - Wrist shot by David Pastrnak.
11:05 of 2nd period - Shot Misses the Net.
11:23 of 2nd period - Snap shot by Bryan Rust.
11:23 of 2nd period - Deflect By Dylan DeMelo.
11:23 of 2nd period - Stopped by Marc-Andre Fleury without a rebound.
11:24 of 2nd period - Noel Acciari wins face-off versus Joe Pavelski in Red Wings zone.
11:51 of 2nd period - David Pastrnak is hit by Shane Pinto.
12:49 of 2nd period - Pat Maroon is hit by Mike Hardman.
13:46 of 2nd period - Wrist shot by Drake Batherson.
13:46 of 2nd period - Shot Blocked by Mark Scheifele.
13:48 of 2nd period - Wrist shot by Sean Couturier.
13:48 of 2nd period - Goal by Sean Couturier - Red Wings : 1 - Whalers : 3.
13:49 of 2nd period - John Tavares wins face-off versus Joe Pavelski in neutral zone.
14:20 of 2nd period - Justin Faulk is hit by John Tavares and loses puck.
14:33 of 2nd period - Mark Scheifele is hit by Reilly Smith.
14:39 of 2nd period - Slapshot by David Pastrnak.
14:39 of 2nd period - Stopped by Jacob Markstrom without a rebound.
14:40 of 2nd period - Sean Couturier wins face-off versus Lars Eller in Whalers zone.
14:55 of 2nd period - Snap shot by Lars Eller.
14:55 of 2nd period - Stopped by Jacob Markstrom without a rebound.
14:56 of 2nd period - Joe Pavelski wins face-off versus Noel Acciari in Whalers zone.
15:29 of 2nd period - Wrist shot by Drake Batherson.
15:29 of 2nd period - Shot Misses the Net.
15:31 of 2nd period - Slapshot by Nikita Zadorov.
15:31 of 2nd period - Deflect By Connor Brown.
15:31 of 2nd period - Stopped by Marc-Andre Fleury without a rebound.
15:32 of 2nd period - Christian Dvorak wins face-off versus John Tavares in Red Wings zone.
15:43 of 2nd period - Wrist shot by Reilly Smith.
15:43 of 2nd period - Deflect By Shane Pinto.
15:43 of 2nd period - Stopped by Marc-Andre Fleury without a rebound.
15:44 of 2nd period - John Tavares wins face-off versus Joe Pavelski in Red Wings zone.
16:10 of 2nd period - David Savard is hit by Zemgus Girgensons and loses puck.
16:15 of 2nd period - Snap shot by Zemgus Girgensons.
16:15 of 2nd period - Shot Misses the Net.
16:17 of 2nd period - Wrist shot by Zach Aston-Reese.
16:17 of 2nd period - Shot Misses the Net.
16:19 of 2nd period - Slapshot by Jeff Petry.
16:19 of 2nd period - Shot Misses the Net.
16:21 of 2nd period - Snap shot by Duncan Keith.
16:21 of 2nd period - Stopped by Jacob Markstrom without a rebound.
16:22 of 2nd period - John Tavares wins face-off versus Sean Couturier in Whalers zone.
16:35 of 2nd period - Mark Scheifele is hit by Sean Couturier and loses puck.
16:59 of 2nd period - Wrist shot by Oliver Bjorkstrand.
16:59 of 2nd period - Shot Misses the Net.
17:21 of 2nd period - Wrist shot by Riley Nash.
17:21 of 2nd period - Deflect By Mike Hardman.
17:21 of 2nd period - Shot Blocked by Zach Aston-Reese.
17:21 of 2nd period - Puck is out of play.
17:22 of 2nd period - John Tavares wins face-off versus Joe Pavelski in Red Wings zone.
18:34 of 2nd period - Nikita Zadorov is hit by John Tavares.
18:52 of 2nd period - Wrist shot by Oliver Bjorkstrand.
18:52 of 2nd period - Shot Blocked by Nikita Zadorov.
18:54 of 2nd period - Snap shot by Oliver Bjorkstrand.
18:54 of 2nd period - Goal by Oliver Bjorkstrand - Red Wings : 2 - Whalers : 3.
18:55 of 2nd period - John Tavares wins face-off versus Bryan Rust in neutral zone.
19:04 of 2nd period - Wrist shot by Bryan Rust.
19:04 of 2nd period - Shot Blocked by Haydn Fleury.
19:06 of 2nd period - Slapshot by Sean Walker.
19:06 of 2nd period - Shot Blocked by Troy Stecher.
19:08 of 2nd period - Slapshot by Joe Pavelski.
19:08 of 2nd period - Shot Blocked by Troy Stecher.
19:10 of 2nd period - Snap shot by Joe Pavelski.
19:10 of 2nd period - Shot Blocked by David Pastrnak.
19:12 of 2nd period - Slapshot by David Savard.
19:12 of 2nd period - Stopped by Marc-Andre Fleury with a rebound.
19:22 of 2nd period - Timo Meier is hit by Connor Brown and loses puck.
19:42 of 2nd period - Off-side.
19:43 of 2nd period - Shane Pinto wins face-off versus Noel Acciari in neutral zone.
19:54 of 2nd period - Snap shot by Shane Pinto.
19:54 of 2nd period - Stopped by Marc-Andre Fleury with a rebound.
19:56 of 2nd period - Slapshot by Justin Faulk.
19:56 of 2nd period - Deflect By Christian Dvorak.
19:56 of 2nd period - Stopped by Marc-Andre Fleury with a rebound.
Goals for this period are 2 for Red Wings vs 1 for Whalers.
Shots for this period are 16 for Red Wings vs 13 for Whalers.

3rd period


0:01 of 3rd period - John Tavares wins face-off versus Joe Pavelski in neutral zone.
0:12 of 3rd period - Snap shot by David Perron.
0:12 of 3rd period - Goal by David Perron - Red Wings : 2 - Whalers : 4.
0:13 of 3rd period - John Tavares wins face-off versus Joe Pavelski in neutral zone.
0:26 of 3rd period - John Tavares is hit by Roman Josi and loses puck.
0:50 of 3rd period - Snap shot by Connor Brown.
0:50 of 3rd period - Stopped by Jacob Markstrom without a rebound.
0:51 of 3rd period - Joe Pavelski wins face-off versus Noel Acciari in Whalers zone.
0:53 of 3rd period - Icing by David Perron.
0:54 of 3rd period - Joe Pavelski wins face-off versus Noel Acciari in Whalers zone.
1:29 of 3rd period - Off-side.
1:30 of 3rd period - Lars Eller wins face-off versus Reilly Smith in neutral zone.
1:35 of 3rd period - Snap shot by Connor Brown.
1:35 of 3rd period - Shot Misses the Net.
1:37 of 3rd period - Slapshot by Duncan Keith.
1:37 of 3rd period - Stopped by Jacob Markstrom without a rebound.
1:38 of 3rd period - Lars Eller wins face-off versus Christian Dvorak in Whalers zone.
1:39 of 3rd period - Snap shot by Oliver Bjorkstrand.
1:39 of 3rd period - Shot Misses the Net.
1:41 of 3rd period - Slapshot by Jeff Petry.
1:41 of 3rd period - Goal by Jeff Petry - Red Wings : 3 - Whalers : 4.
1:42 of 3rd period - John Tavares wins face-off versus Drake Batherson in neutral zone.
1:54 of 3rd period - Snap shot by Timo Meier.
1:54 of 3rd period - Deflect By David Pastrnak.
1:54 of 3rd period - Stopped by Marc-Andre Fleury without a rebound.
1:55 of 3rd period - John Tavares wins face-off versus Joe Pavelski in Red Wings zone.
2:22 of 3rd period - David Perron is hit by Duncan Keith and loses puck.
3:13 of 3rd period - Wrist shot by Nico Sturm.
3:13 of 3rd period - Shot Misses the Net.
4:25 of 3rd period - Troy Stecher is hit by Bryan Rust and loses puck.
5:08 of 3rd period - Icing by Mike Hardman.
5:09 of 3rd period - Noel Acciari wins face-off versus Riley Nash in Whalers zone.
5:10 of 3rd period - Wrist shot by Zach Aston-Reese.
5:10 of 3rd period - Shot Hit the Post.
5:25 of 3rd period - Wrist shot by Justin Faulk.
5:25 of 3rd period - Deflect By Riley Nash.
5:25 of 3rd period - Deflect By Mark Scheifele.
5:25 of 3rd period - Shot Misses the Net.
5:25 of 3rd period - Puck is out of play.
5:26 of 3rd period - Lars Eller wins face-off versus Joe Pavelski in Red Wings zone.
6:34 of 3rd period - Riley Nash is hit by Jujhar Khaira and loses puck.
7:54 of 3rd period - Shane Pinto is hit by John Tavares and loses puck.
8:31 of 3rd period - Off-side.
8:32 of 3rd period - Joe Pavelski wins face-off versus Noel Acciari in neutral zone.
8:54 of 3rd period - Slapshot by Duncan Keith.
8:54 of 3rd period - Stopped by Jacob Markstrom without a rebound.
8:55 of 3rd period - Sean Couturier wins face-off versus Connor Brown in Whalers zone.
9:21 of 3rd period - Roman Josi is hit by Dylan DeMelo and loses puck.
9:26 of 3rd period - Backhand shot by David Pastrnak.
9:26 of 3rd period - Shot Misses the Net.
9:50 of 3rd period - Snap shot by Christian Dvorak.
9:50 of 3rd period - Stopped by Marc-Andre Fleury with a rebound.
9:52 of 3rd period - Slapshot by Justin Faulk.
9:52 of 3rd period - Shot Blocked by Nico Sturm.
10:09 of 3rd period - Snap shot by Christian Dvorak.
10:09 of 3rd period - Stopped by Marc-Andre Fleury without a rebound.
10:10 of 3rd period - John Tavares wins face-off versus Sean Couturier in Red Wings zone.
12:09 of 3rd period - Snap shot by Mike Hardman.
12:09 of 3rd period - Stopped by Marc-Andre Fleury with a rebound.
12:31 of 3rd period - Icing by Timo Meier.
12:32 of 3rd period - Sean Couturier wins face-off versus Nico Sturm in Whalers zone.
13:16 of 3rd period - Snap shot by Christian Dvorak.
13:16 of 3rd period - Shot Misses the Net.
13:18 of 3rd period - Wrist shot by Christian Dvorak.
13:18 of 3rd period - Shot Misses the Net.
13:27 of 3rd period - Minor Penalty to Shane Pinto for Holding Stick.
13:28 of 3rd period - John Tavares wins face-off versus Christian Dvorak in Whalers zone.
13:43 of 3rd period - Wrist shot by David Pastrnak.
13:43 of 3rd period - Stopped by Jacob Markstrom without a rebound.
13:44 of 3rd period - John Tavares wins face-off versus Christian Dvorak in Whalers zone.
13:51 of 3rd period - Snap shot by David Pastrnak.
13:51 of 3rd period - Stopped by Jacob Markstrom with a rebound.
13:53 of 3rd period - Slapshot by Jeff Petry.
13:53 of 3rd period - Deflect By David Pastrnak.
13:53 of 3rd period - Stopped by Jacob Markstrom without a rebound.
13:54 of 3rd period - Christian Dvorak wins face-off versus John Tavares in Whalers zone.
14:21 of 3rd period - Wrist shot by Riley Nash.
14:21 of 3rd period - Shot Blocked by Duncan Keith.
14:23 of 3rd period - Snap shot by Scott Mayfield.
14:23 of 3rd period - Stopped by Marc-Andre Fleury without a rebound.
14:24 of 3rd period - Lars Eller wins face-off versus Christian Dvorak in Red Wings zone.
14:31 of 3rd period - Wrist shot by Oliver Bjorkstrand.
14:31 of 3rd period - Stopped by Jacob Markstrom with a rebound.
15:27 of 3rd period - Penalty to Shane Pinto is over, Shane Pinto is back on ice.
15:41 of 3rd period - Snap shot by Jujhar Khaira.
15:41 of 3rd period - Shot Blocked by Christian Dvorak.
15:43 of 3rd period - Slapshot by Troy Stecher.
15:43 of 3rd period - Shot Misses the Net.
15:45 of 3rd period - Wrist shot by Haydn Fleury.
15:45 of 3rd period - Stopped by Jacob Markstrom with a rebound.
15:47 of 3rd period - Snap shot by Nico Sturm.
15:47 of 3rd period - Deflect By Jujhar Khaira.
15:47 of 3rd period - Stopped by Jacob Markstrom without a rebound.
15:48 of 3rd period - Noel Acciari wins face-off versus Joe Pavelski in Whalers zone.
16:01 of 3rd period - Snap shot by Bryan Rust.
16:01 of 3rd period - Stopped by Marc-Andre Fleury with a rebound.
16:03 of 3rd period - Snap shot by Bryan Rust.
16:03 of 3rd period - Shot Misses the Net.
16:05 of 3rd period - Slapshot by David Perron.
16:05 of 3rd period - Shot Misses the Net.
16:27 of 3rd period - David Pastrnak is hit by Roman Josi and loses puck.
16:38 of 3rd period - Wrist shot by Connor Brown.
16:38 of 3rd period - Shot Misses the Net.
16:40 of 3rd period - Slapshot by Haydn Fleury.
16:40 of 3rd period - Shot Misses the Net.
16:42 of 3rd period - Snap shot by Oliver Bjorkstrand.
16:42 of 3rd period - Stopped by Jacob Markstrom with a rebound.
16:50 of 3rd period - Joe Pavelski is hit by Connor Brown and loses puck.
17:13 of 3rd period - Slapshot by Mark Scheifele.
17:13 of 3rd period - Shot Blocked by Scott Mayfield.
17:30 of 3rd period - Zach Aston-Reese is hit by Nikita Zadorov and loses puck.
17:38 of 3rd period - Off-side.
17:39 of 3rd period - Noel Acciari wins face-off versus Reilly Smith in neutral zone.
17:41 of 3rd period - Off-side.
17:42 of 3rd period - Noel Acciari wins face-off versus Christian Dvorak in neutral zone.
19:01 of 3rd period - Red Wings, Marc-Andre Fleury is pulled from the net.
19:03 of 3rd period - Wrist shot by Mark Scheifele.
19:03 of 3rd period - Stopped by Jacob Markstrom with a rebound.
19:05 of 3rd period - Wrist shot by Mark Scheifele.
19:05 of 3rd period - Stopped by Jacob Markstrom without a rebound.
19:06 of 3rd period - Brent Thompson call a timeout for Red Wings.
19:06 of 3rd period - Mark Scheifele wins face-off versus Sean Couturier in Whalers zone.
19:17 of 3rd period - Snap shot by David Pastrnak.
19:17 of 3rd period - Stopped by Jacob Markstrom without a rebound.
19:18 of 3rd period - Sean Couturier wins face-off versus Mark Scheifele in Whalers zone.
19:28 of 3rd period - Wrist shot by David Pastrnak.
19:28 of 3rd period - Shot Misses the Net.
19:30 of 3rd period - Snap shot by Connor Brown.
19:30 of 3rd period - Stopped by Jacob Markstrom without a rebound.
19:31 of 3rd period - Sean Couturier wins face-off versus Connor Brown in Whalers zone.
19:31 of 3rd period - Sean Couturier is hit by Mark Scheifele.
19:44 of 3rd period - Slapshot by Mark Scheifele.
19:44 of 3rd period - Stopped by Jacob Markstrom with a rebound.
19:46 of 3rd period - Slapshot by Connor Brown.
19:46 of 3rd period - Goal by Connor Brown - Red Wings : 4 - Whalers : 4.
19:46 of 3rd period - Marc-Andre Fleury from Red Wings was sent back in the game.
19:47 of 3rd period - Christian Dvorak wins face-off versus Noel Acciari in neutral zone.
19:52 of 3rd period - Backhand shot by Reilly Smith.
19:52 of 3rd period - Shot Misses the Net.
19:54 of 3rd period - Slapshot by Scott Mayfield.
19:54 of 3rd period - Shot Blocked by Duncan Keith.
19:56 of 3rd period - Slapshot by Scott Mayfield.
19:56 of 3rd period - Shot Misses the Net.
19:58 of 3rd period - Snap shot by Reilly Smith.
19:58 of 3rd period - Stopped by Marc-Andre Fleury with a rebound.
Goals for this period are 2 for Red Wings vs 1 for Whalers.
Shots for this period are 17 for Red Wings vs 8 for Whalers.

Overtime #1


0:01 of 1st overtime period - Lars Eller wins face-off versus Joe Pavelski in neutral zone.
0:06 of 1st overtime period - Slapshot by Duncan Keith.
0:06 of 1st overtime period - Shot Blocked by Sean Walker.
0:08 of 1st overtime period - Slapshot by Oliver Bjorkstrand.
0:08 of 1st overtime period - Stopped by Jacob Markstrom with a rebound.
0:26 of 1st overtime period - Timo Meier is hit by David Pastrnak and loses puck.
0:33 of 1st overtime period - Snap shot by David Pastrnak.
0:33 of 1st overtime period - Shot Misses the Net.
1:42 of 1st overtime period - Wrist shot by Lars Eller.
1:42 of 1st overtime period - Shot Misses the Net.
2:00 of 1st overtime period - Snap shot by Timo Meier.
2:00 of 1st overtime period - Shot Misses the Net.
2:02 of 1st overtime period - Wrist shot by Timo Meier.
2:02 of 1st overtime period - Shot Misses the Net.
2:24 of 1st overtime period - Snap shot by Zach Aston-Reese.
2:24 of 1st overtime period - Shot Misses the Net.
3:21 of 1st overtime period - Off-side.
3:22 of 1st overtime period - John Tavares wins face-off versus Drake Batherson in neutral zone.
4:11 of 1st overtime period - Dylan DeMelo is hit by Scott Mayfield and loses puck.
4:38 of 1st overtime period - David Pastrnak is hit by Mike Hardman and loses puck.
4:53 of 1st overtime period - Nikita Zadorov is hit by Connor Brown and loses puck.
4:58 of 1st overtime period - Snap shot by Connor Brown.
4:58 of 1st overtime period - Shot Misses the Net.
5:09 of 1st overtime period - Off-side.
5:10 of 1st overtime period - Zemgus Girgensons wins face-off versus Joe Pavelski in neutral zone.
5:23 of 1st overtime period - Slapshot by Zach Aston-Reese.
5:23 of 1st overtime period - Stopped by Jacob Markstrom with a rebound.
5:25 of 1st overtime period - Snap shot by Zemgus Girgensons.
5:25 of 1st overtime period - Shot Misses the Net.
6:18 of 1st overtime period - Pat Maroon is hit by Mike Hardman.
6:40 of 1st overtime period - Joe Pavelski is hit by Zach Aston-Reese and loses puck.
6:45 of 1st overtime period - Slapshot by Jeff Petry.
6:45 of 1st overtime period - Shot Blocked by Roman Josi.
7:01 of 1st overtime period - Slapshot by Lars Eller.
7:01 of 1st overtime period - Stopped by Jacob Markstrom with a rebound.
7:03 of 1st overtime period - Wrist shot by Connor Brown.
7:03 of 1st overtime period - Deflect By Nikita Zadorov.
7:03 of 1st overtime period - Stopped by Jacob Markstrom without a rebound.
7:04 of 1st overtime period - Lars Eller wins face-off versus Sean Couturier in Whalers zone.
7:21 of 1st overtime period - Slapshot by Connor Brown.
7:21 of 1st overtime period - Stopped by Jacob Markstrom without a rebound.
7:22 of 1st overtime period - Joe Pavelski wins face-off versus John Tavares in Whalers zone.
8:01 of 1st overtime period - Wrist shot by Joe Pavelski.
8:01 of 1st overtime period - Deflect By David Perron.
8:01 of 1st overtime period - Shot Blocked by Noel Acciari.
8:01 of 1st overtime period - Puck is out of play.
8:02 of 1st overtime period - Lars Eller wins face-off versus Sean Couturier in Red Wings zone.
8:09 of 1st overtime period - Wrist shot by Lars Eller.
8:09 of 1st overtime period - Shot Blocked by Timo Meier.
8:11 of 1st overtime period - Wrist shot by Oliver Bjorkstrand.
8:11 of 1st overtime period - Shot Misses the Net.
8:13 of 1st overtime period - Slapshot by Oliver Bjorkstrand.
8:13 of 1st overtime period - Stopped by Jacob Markstrom with a rebound.
8:49 of 1st overtime period - Wrist shot by Mike Hardman.
8:49 of 1st overtime period - Stopped by Marc-Andre Fleury without a rebound.
8:50 of 1st overtime period - Noel Acciari wins face-off versus Riley Nash in Red Wings zone.
9:13 of 1st overtime period - Wrist shot by Zach Aston-Reese.
9:13 of 1st overtime period - Shot Blocked by Mike Hardman.
9:27 of 1st overtime period - Snap shot by Roman Josi.
9:27 of 1st overtime period - Deflect By Mike Hardman.
9:27 of 1st overtime period - Shot Misses the Net.
9:27 of 1st overtime period - Puck is out of play.
9:28 of 1st overtime period - Mark Scheifele wins face-off versus David Perron in Red Wings zone.
9:41 of 1st overtime period - Snap shot by David Pastrnak.
9:41 of 1st overtime period - Deflect By John Tavares.
9:41 of 1st overtime period - Shot Misses the Net.
9:41 of 1st overtime period - Puck is out of play.
9:42 of 1st overtime period - Lars Eller wins face-off versus Sean Couturier in Whalers zone.
9:45 of 1st overtime period - Slapshot by Lars Eller.
9:45 of 1st overtime period - Shot Hit the Post.
9:47 of 1st overtime period - Snap shot by Lars Eller.
9:47 of 1st overtime period - Goal by Lars Eller - Red Wings : 5 - Whalers : 4.
Goals for this period are 1 for Red Wings vs 0 for Whalers.
Shots for this period are 7 for Red Wings vs 1 for Whalers.